 Dungeon Crawl Stone Soup version 0.27-a0-1525-g1038ab4fd7 (webtiles) character file.

Game seed: 14740494791245550648

8939 Demosthentine the Spear-Bearer (level 11, -1/90 HPs)
             Began as a Merfolk Gladiator on July 11, 2021.
             Was an Elder of the Shining One.
             Killed from afar by a shock serpent (shapeshifter) (8 damage)
             ... with a bolt of electricity
             ... in a Gauntlet.
             The game lasted 00:12:20 (13250 turns).

Demosthentine the Spear-Bearer (Merfolk Gladiator) Turns: 13250, Time: 00:12:21

Health: -1/90      AC: 12    Str: 17    XL:     11   Next: 38%
Magic:  8/14       EV: 19    Int:  7    God:    the Shining One [****..]
Gold:   641        SH:  5    Dex: 17    Spells: 10/10 levels left

rFire    + . .     SeeInvis +   a - +1 trident
rCold    + . .     Faith    .   (no shield)
rNeg     + + .     Spirit   .   A - +0 steam dragon scales
rPois    +         Reflect  +   f - +0 helmet {SInv}
rElec    +         Harm     .   g - +0 cloak
rCorr    +         Rampage  .   j - +1 pair of gloves
Will     .....     NoTele   +   n - +0 pair of boots
Stlth    +.........             k - amulet of reflection
HPRegen  0.25/turn              (no ring)
MPRegen  0.14/turn              (no ring)

@: resistant, hasted, glowing, studying Axes, very quick
A: (nimble swimmer 2), mertail
a: Renounce Religion, Divine Shield, Cleansing Flame


You were in a Gauntlet.
You worshipped the Shining One.
The Shining One was greatly pleased with you.
You visited 2 branches of the dungeon, and saw 12 of its levels.
You also visited: Gauntlet.

You collected 662 gold pieces.
You donated 21 gold pieces to Zin.

Inventory:

Hand Weapons
 a - a +1 trident (weapon)
Missiles
 d - a throwing net (quivered)
Armour
 f - a +0 helmet of see invisible (worn)
 g - a +0 cloak (worn)
 j - a +1 pair of gloves (worn)
 n - a +0 pair of boots (worn)
 A - +0 steam dragon scales (worn)
Jewellery
 e - an amulet of regeneration
 k - an amulet of reflection (around neck)
 s - a ring of flight
Wands
 p - a wand of flame (22)
 r - a wand of paralysis (6)
 t - a wand of acid (4)
 y - a wand of charming (10)
Scrolls
 b - a scroll of teleportation
 h - 2 scrolls of enchant weapon
 u - a scroll of magic mapping
 w - 2 scrolls of identify
 z - 2 scrolls of enchant armour
Potions
 l - a potion of magic
 m - a potion of brilliance
 o - a potion of attraction


   Skills:
 + Level 9.9 Fighting
 + Level 12.7 Polearms
 - Level 2.0 Throwing
 - Level 5.8 Armour
 + Level 11.9 Dodging
 + Level 4.0 Invocations


You had 10 spell levels left.
You didn't know any spells.
Your spell library contained the following spells:

 Spells                   Type           Power      Damage    Failure   Level
 Magic Dart               Conj           0%         1d3       43%         1
 Call Imp                 Summ           0%         N/A       56%         2
 Slow                     Hex            0%         N/A       56%         2
 Confusing Touch          Hex            0%         N/A       80%         3
 Conjure Flame            Conj/Fire      0%         6-21      80%         3
 Ignite Poison            Fire/Tmut/Pois 0%         N/A       80%         3
 Mephitic Cloud           Conj/Pois/Air  0%         N/A       80%         3
 Ozocubu's Armour         Ice            0%         N/A       80%         3
 Vampiric Draining        Necr           0%         2d6       80%         3
 Sticky Flame             Conj/Fire      0%         2d3       99%         4
 Ozocubu's Refrigeration  Ice            0%         4d5       100%        7


Dungeon Overview and Level Annotations

Branches:
Dungeon (11/15)            Temple (1/1) D:6            Lair (0/6) D:9
    Orc (0/2) D:10        Gauntlet (1/1)

Altars:
Ashenzari
Cheibriados
Dithmenos
Elyvilon
Fedhas
Gozag
Hepliaklqana
Kikubaaqudgha
Makhleb
Nemelex Xobeh
Okawaru
Qazlal
Ru
Sif Muna
Trog
Uskayaw
Vehumet
Wu Jian
Xom
Yredelemnul
Zin
The Shining One

Shops:
D:4 (

Annotations:
D:9 2 transporters, Drazool's ghost, novice DjAE Gauntlet 22 runed translucent doors, 7 transporters


Innate Abilities, Weirdness & Mutations

((You are quick and stealthy near water. (Stealth+, EV+, Speed+++)))
Your lower body shifts to a powerful aquatic tail in water.


Message History

The shock serpent completely resists.
Unknown command.
You hit the shock serpent.
The shock serpent is heavily wounded.
The shock serpent's electric aura discharges, shocking you!
You resist. The ghost moth stares at you.
You feel your power leaking away. The shock serpent bites you!
* * * LOW HITPOINT WARNING * * *
The shock serpent shocks you. You resist.
* * * LOW HITPOINT WARNING * * *
You closely miss the shock serpent.
The shock serpent is heavily wounded.
The shock serpent misses you.
Okay, then.
You feel yourself speed up.
The ghost moth changes into an alligator!
The shock serpent shoots out a bolt of lightning at you!
The bolt of electricity hits you. You resist.
* * * LOW HITPOINT WARNING * * *
The bolt of electricity misses you.
The bolt of electricity hits the shock serpent.
The shock serpent completely resists.
The bolt of electricity hits the shock serpent.
The shock serpent completely resists.
Unknown command.
Unknown command.
You barely miss the shock serpent.
The shock serpent is heavily wounded.
The shock serpent completely misses you.
Unknown command.
You hit the shock serpent but do no damage.
The shock serpent is heavily wounded.
The alligator changes into an anaconda!
The shock serpent shoots out a bolt of lightning at you!
The bolt of electricity hits you. You resist.
* * * LOW HITPOINT WARNING * * *
The bolt of electricity hits you! You resist.
You die...

#≈..##)#©#.##......#©#...
##.§#########......#©#...
#≈.....#©#.....##########
##.§...#©#.....##..##.#..
#≈..#########..####.#..##
##..###...###..#y.##.##.#
#≈..###S..###..#y...#...#
##..#.DS##..#..#.##.#####
#≈..#..#@#..#..#..####.yy
##§.#..##+..#..##..####.#
#§..###[[)###..#.#=#..#..
##§.####©####..##.#.©$$..
#§..#########..##########
##...........∩...........
#≈.......................
###≈#≈#≈#≈########≈#≈#§#≈
#########.©..©.########


You could see a swamp dragon, an anaconda shaped shifter and a shock serpent
shaped shifter.

Vanquished Creatures
  A cyclops (D:11)
  2 trolls (D:9)
  4 hornets
  Sigmund (D:2)
  5 flying skulls (Gauntlet)
  A shadow (D:11)
  A vampire (D:10)
  5 yaks (D:9)
  A wraith (D:10)
  Eustachio (D:4)
  2 steam dragons
  3 vampire mosquitoes (D:10)
  A water moccasin (D:5)
  7 orc warriors
  2 ice beasts
  3 black bears
  A sky beast (D:5)
  2 ogres
  4 centaurs
  3 wolves
  A kobold brigand (D:9)
  4 bullfrogs
  2 scorpions
  6 wights (D:8)
  6 electric eels
  3 howler monkeys (D:10)
  2 centaur zombies
  2 bullfrog zombies
  A gnoll shaman (D:7)
  A jelly (D:5)
  11 orc priests
  7 hounds
  2 iguanas (D:5)
  Natasha (thrice) (D:2)
  6 orc wizards
  2 killer bee zombies (D:8)
  A mummy (D:8)
  A howler monkey zombie (D:8)
  8 gnolls
  9 adders
  A shadow imp (D:7)
  2 adder skeletons (D:4)
  4 dart slugs
  2 worms
  59 orcs
  6 ball pythons
  5 endoplasms
  2 giant cockroaches
  3 goblins
  10 hobgoblins
  5 jackals
  11 kobolds
  5 quokkas
  7 bats
  6 frilled lizards
  6 rats
262 creatures vanquished.

Vanquished Creatures (others)
  3 fungi (Gauntlet)
  4 plants
  A withered plant (D:8)
8 creatures vanquished.

Grand Total: 270 creatures vanquished

Notes
Turn   | Place    | Note
-------+----------+-------------------------------------------
     0 | D:1      | Demosthentine the Merfolk Gladiator began the quest for the
                  | Orb.
     0 | D:1      | Reached XP level 1. HP: 16/16 MP: 1/1
   134 | D:1      | Reached XP level 2. HP: 21/23 MP: 2/2
   166 | D:1      | Found a faded altar of an unknown god.
   773 | D:2      | Noticed Natasha
   779 | D:2      | Killed Natasha
   780 | D:2      | Reached skill level 5 in Polearms
   780 | D:2      | Reached XP level 3. HP: 21/28 MP: 3/3
   782 | D:2      | Reached skill level 1 in Armour
  1028 | D:2      | Reached XP level 4. HP: 34/34 MP: 4/4
  1038 | D:2      | Noticed Natasha
  1045 | D:2      | Killed Natasha
  1110 | D:2      | Noticed Natasha
  1119 | D:2      | Killed Natasha
  1120 | D:2      | Reached skill level 5 in Dodging
  1120 | D:2      | Reached XP level 5. HP: 30/41 MP: 5/5
  1241 | D:2      | Noticed Sigmund
  1258 | D:2      | Killed Sigmund
  1259 | D:2      | Reached skill level 6 in Polearms
  1259 | D:2      | Reached XP level 6. HP: 48/48 MP: 6/6
  1661 | D:3      | Found an iron altar of Okawaru.
  1849 | D:3      | Found a glowing silver altar of Zin.
  1885 | D:3      | Became a worshipper of Zin the Law-Giver
  2288 | D:3      | Found a hazy altar of Hepliaklqana.
  2611 | D:3      | Found a shimmering altar of Xom.
  2620 | D:3      | Found a shimmering blue altar of Sif Muna.
  2907 | D:4      | Reached * piety under Zin
  2916 | D:4      | Reached XP level 7. HP: 55/55 MP: 7/7
  3001 | D:4      | Noticed Eustachio
  3027 | D:4      | Killed Eustachio
  3028 | D:4      | Reached skill level 7 in Polearms
  3532 | D:4      | Found Veomic's Antique Weapon Boutique.
  3676 | D:5      | Entered Level 5 of the Dungeon
  3711 | D:5      | Reached skill level 5 in Fighting
  3780 | D:5      | Found a white marble altar of Elyvilon.
  4045 | D:5      | Reached XP level 8. HP: 62/62 MP: 8/8
  4396 | D:5      | Reached ** piety under Zin
  4526 | D:5      | Reached skill level 8 in Polearms
  4964 | D:6      | Found a staircase to the Ecumenical Temple.
  4975 | Temple   | Entered the Ecumenical Temple
  5187 | Temple   | Fell from the grace of Zin
  5187 | Temple   | Became a worshipper of the Shining One
  5471 | D:6      | Reached * piety under the Shining One
  5638 | D:6      | Reached skill level 9 in Polearms
  5656 | D:6      | Reached XP level 9. HP: 27/71 MP: 9/9
  6002 | D:6      | Found a sacrificial altar of Ru.
  6363 | D:7      | Found a transporter.
  6607 | D:7      | Found a transporter.
  7018 | D:7      | HP: 2/71 [electric eel/bolt of electricity (10)]
  7514 | D:8      | Found a radiant altar of Vehumet.
  7690 | D:8      | Reached skill level 10 in Polearms
  7898 | D:8      | Found a blossoming altar of Fedhas.
  8175 | D:8      | Reached ** piety under the Shining One
  8464 | D:8      | Reached skill level 5 in Armour
  8485 | D:9      | Noticed a troll
  8489 | D:9      | Noticed a hornet
  8494 | D:9      | Killed a troll
  8495 | D:9      | Reached XP level 10. HP: 37/80 MP: 10/10
  8711 | D:8      | Reached skill level 10 in Dodging
  9068 | D:9      | Noticed Drazool's ghost (novice DjAE)
  9069 | D:9      | Found a transporter.
  9073 | D:9      | Reached skill level 11 in Polearms
  9089 | D:9      | Found a transporter.
  9408 | D:9      | Found an ancient bone altar of Kikubaaqudgha.
  9607 | D:9      | Found a bloodstained altar of Trog.
  9701 | D:9      | Reached *** piety under the Shining One
  9702 | D:9      | HP: 4/82 [electric eel/bolt of electricity (6)]
 10075 | D:9      | Found a staircase to the Lair.
 10757 | D:10     | Entered Level 10 of the Dungeon
 10867 | D:10     | HP: 2/82 [vampire mosquito (3)]
 10869 | D:10     | Reached skill level 1 in Invocations
 11441 | D:10     | Found a staircase to the Orcish Mines.
 11503 | D:10     | Reached skill level 12 in Polearms
 11858 | D:10     | Reached XP level 11. HP: 26/89 MP: 12/12
 12516 | D:11     | Noticed a cyclops
 12533 | D:11     | Killed a cyclops
 12574 | D:11     | Found a gate leading to a gauntlet.
 12579 | Gauntlet | Entered a Gauntlet
 12579 | Gauntlet | Found a large runed translucent door.
 12579 | Gauntlet | Found a large runed translucent door.
 12579 | Gauntlet | Found a large runed translucent door.
 12579 | Gauntlet | Found a large runed translucent door.
 12579 | Gauntlet | Found a transporter.
 12579 | Gauntlet | Found a runed translucent door.
 12579 | Gauntlet | Found a large runed translucent door.
 12579 | Gauntlet | Found a large runed translucent door.
 12579 | Gauntlet | Found a large runed translucent door.
 12579 | Gauntlet | Found a large runed translucent door.
 12579 | Gauntlet | Found a runed translucent gate.
 12579 | Gauntlet | Found a runed translucent gate.
 12579 | Gauntlet | Found a transporter.
 12579 | Gauntlet | Found a transporter.
 12579 | Gauntlet | Noticed a death scarab
 12579 | Gauntlet | Reached **** piety under the Shining One
 12771 | Gauntlet | Found a transporter.
 12775 | Gauntlet | Found a transporter.
 12775 | Gauntlet | Found a transporter.
 12776 | Gauntlet | Noticed a wizard
 12782 | Gauntlet | Found a transporter.
 12784 | Gauntlet | Found a transporter.
 12784 | Gauntlet | Found a transporter.
 12786 | Gauntlet | Found a transporter.
 12788 | Gauntlet | Noticed a moth of wrath
 12790 | Gauntlet | Found a runed translucent door.
 12792 | Gauntlet | Found a runed translucent door.
 12794 | Gauntlet | Found a transporter.
 12794 | Gauntlet | Found a transporter.
 12794 | Gauntlet | Noticed a fire crab
 12794 | Gauntlet | a yaktaur changed into a fire crab
 12795 | Gauntlet | a moth of wrath changed into a swamp worm
 12805 | Gauntlet | Noticed a mana viper
 12805 | Gauntlet | a redback changed into a mana viper
 12807 | Gauntlet | a mana viper changed into a torpor snail
 12838 | Gauntlet | Found a runed translucent gate.
 12839 | Gauntlet | Found a large runed translucent door.
 12839 | Gauntlet | Found a large runed translucent door.
 12840 | Gauntlet | Found a large runed translucent door.
 12841 | Gauntlet | Found a large runed translucent door.
 12842 | Gauntlet | Found a large runed translucent door.
 12842 | Gauntlet | Found a large runed translucent door.
 12842 | Gauntlet | Found a runed translucent door.
 12843 | Gauntlet | Found a large runed translucent door.
 12844 | Gauntlet | Found a large runed translucent door.
 13055 | Gauntlet | Paralysed by a hornet for 1 turns
 13076 | Gauntlet | Paralysed by a hornet for 2 turns
 13197 | Gauntlet | Identified the amulet of Tighaufu {RegenMP SInv Stlth+}
 13204 | Gauntlet | Noticed a death drake
 13204 | Gauntlet | Noticed a swamp dragon
 13205 | Gauntlet | a death drake changed into a merfolk
 13216 | Gauntlet | Noticed a two-headed ogre
 13216 | Gauntlet | a merfolk changed into a two-headed ogre
 13218 | Gauntlet | Noticed a death drake
 13218 | Gauntlet | a hog changed into a death drake
 13221 | Gauntlet | a death drake changed into a jumping spider
 13229 | Gauntlet | Noticed a cyclops
 13229 | Gauntlet | a swamp worm changed into a cyclops
 13230 | Gauntlet | Noticed a sea snake
 13230 | Gauntlet | a cyclops changed into a sea snake
 13233 | Gauntlet | a sea snake changed into a swamp worm
 13233 | Gauntlet | Noticed a shock serpent
 13233 | Gauntlet | a two-headed ogre changed into a shock serpent
 13237 | Gauntlet | Noticed a goliath frog
 13237 | Gauntlet | a snapping turtle changed into a goliath frog
 13243 | Gauntlet | Noticed a ghost moth
 13243 | Gauntlet | a goliath frog changed into a ghost moth
 13248 | Gauntlet | Noticed an alligator
 13248 | Gauntlet | a ghost moth changed into an alligator
 13250 | Gauntlet | Noticed an anaconda
 13250 | Gauntlet | an alligator changed into an anaconda
 13250 | Gauntlet | Killed from afar by a shock serpent (shapeshifter)

Illustrated notes

Levels and vault maps discovered:
D:1:      dpeg_arrival_stone_temple_mockup, layout_loops_ring,
          hellmonk_ecumenical_altar_crossroads, minmay_misc_feat_iff,
          hangedman_decor_growths, minmay_misc_feat_room
D:2:      layout_loops_ring, uniq_sigmund, uniq_natasha
D:3:      minmay_spotlight, layout_basic,
          mainiacjoe_overflow_concentric_impassable,
          mainiacjoe_overflow_catwalk, amethyst_overflow_temple_binary,
          mainiacjoe_overflow_alcove_4, chequers_serial_rivers_large_a
D:4:      layout_basic, serial_shops, nicolae_square_shop, uniq_eustachio
D:5:      layout_gridville, mainiacjoe_overflow_small_starburst
D:6:      layout_loops_cross, nicolae_ru_path_of_blood, minmay_temple_entry_tees
D:7:      gammafunk_steamed_eel, layout_loops_ring
D:8:      layout_loops_ring, vehumet_crystals, fedhas_ov_isle_minmay,
          serial_undead, serial_undead_a, serial_undead_f, serial_undead_b,
          serial_undead_c, serial_undead_e, serial_undead_f, minmay_manual_mares
D:9:      layout_rooms, general_overflow_altar,
          nicolae_kikubaaqudgha_miasma_corner, erik_lair_island,
          gammafunk_ghost_mausoleum
D:10:     layout_stronghold, hiddenorc2_lemuel
D:11:     layout_big_octagon, gauntlet_entry_generic, doesnt_xom_only_xom
Temple:   minmay_temple_curvy_loop
Gauntlet: minmay_gauntlet_mixed_big_or_small
          [minmay_gauntlet_arena_make_your_own_arena,
          minmay_gauntlet_arena_77_double_cross,
          nicolae_gauntlet_arena_quarters, minmay_gauntlet_arena_77_checkered,
          gammafunk_gauntlet_arena_mazey, minmay_gauntlet_arena_77_cramped,
          gauntlet_exit_watery]

Skill      XL: |  1  2  3  4  5  6  7  8  9 10 11 |
---------------+----------------------------------+-----
Polearms       | 5 6 7 9 10 12 | 12.7
Armour         | 1 2 3 4 5 |  5.8
Fighting       | 3 4 5 6 7 9 |  9.9
Dodging        | 5 6 8 9 11 | 11.9
Invocations    | 2 4 |  4.0
Throwing       | |  2.0

Action                   |  1- 3 |  4- 6 |  7- 9 | 10-12 || total
-------------------------+-------+-------+-------+-------++-------
Melee: Trident           |    66 |   179 |   445 |   551 ||  1241
       Tailslap          |       |       |     3 |       ||     3
Throw: Throwing net      |       |     1 |     2 |     4 ||     7
  Use: Potion            |       |     1 |     2 |     8 ||    11
       Scroll            |       |     7 |     7 |     2 ||    16
 Stab: Distracted        |       |     1 |       |       ||     1
       Sleeping          |       |     3 |       |       ||     3
Armor: Leather armour    |    15 |    31 |    76 |       ||   122
       Steam dragon scal |       |       |    15 |    74 ||    89
       Skin              |       |       |       |    26 ||    26
Dodge: Dodged            |    21 |    95 |   215 |   282 ||   613
Block: Other             |       |     2 |    80 |    87 ||   169
       Reflection        |       |       |     8 |     1 ||     9

Table legend: (Time is in decaauts)
 A = Elapsed time spent in this place.
 B = Non-inter-level travel time spent in this place.
 C = Inter-level travel time spent in this place.
 D = Time resting spent in this place.
 E = Time spent auto-exploring this place.
 F = Levels seen in this place.
 G = Mean time per level.
                   A        B        C        D        E       F      G
               +--------+--------+--------+--------+--------+-----+--------+
         Total |  13037 |  12760 |    277 |   1131 |   9510 |  13 | 1002.8 |
       Dungeon |  12146 |  11904 |    242 |   1113 |   8950 |  11 | 1104.2 |
        Temple |    245 |    210 |     35 |      0 |    191 |   1 |  245.0 |
      Gauntlet |    646 |    646 |      0 |     18 |    369 |   1 |  646.0 |
               +--------+--------+--------+--------+--------+-----+--------+

Top non-repeatable levels by time:
     D:8: 2095 daAuts
    D:10: 1683 daAuts
     D:7: 1244 daAuts
     D:5: 1230 daAuts
     D:9: 1215 daAuts
     D:2: 1067 daAuts
     D:6: 947 daAuts
     D:4: 941 daAuts
     D:3: 887 daAuts
     D:1: 775 daAuts
Gauntlet: 646 daAuts
  Temple: 245 daAuts
    D:11: 57 daAuts
